SA
SYRACUSE STORM @ PHOENIX HOTSPUR U-21
08/31/2034
 
TOP OF THE 1ST
Syracuse Storm batting - Pitching for Phoenix Hotspur U-21 : RHP Benjie Cacdac
Pitching: RHP Benjie Cacdac
Batting: LHB Mitchell Pate 0-0: Fly out, F9 (Flyball, 9S)
Batting: LHB Wilson Hernández 0-0: Ball
1-0: Foul Ball, location: 2F
1-1: Ball
2-1: Foul Ball, location: 2F
2-2: Fly out, F9 (Flyball, 9)
Batting: LHB Seung-min Sin 0-0: Ball
1-0: Foul Ball, location: 2F
1-1: Called Strike
1-2: Ball
2-2: Fly out, F6 (Line Drive, 6)
Top of the 1st over - 0 runs, 0 hits, 0 errors, 0 left on base; Syracuse 0 - Phoenix 0
BOTTOM OF THE 1ST
Phoenix Hotspur U-21 batting - Pitching for Syracuse Storm : LHP Kohei Nishikawa
Pitching: LHP Kohei Nishikawa
Batting: RHB Mike James 0-0: Ball
1-0: Called Strike
1-1: Fly out, F9 (Flyball, 9)
Batting: RHB Lee Cooper 0-0: Foul Ball, location: 2F
0-1: Fly out, F8 (Line Drive, 8LM)
Batting: RHB Brit Davis 0-0: Ball
1-0: Fly out, F4 (Popup, 4M)
Bottom of the 1st over - 0 runs, 0 hits, 0 errors, 0 left on base; Syracuse 0 - Phoenix 0
TOP OF THE 2ND
Syracuse Storm batting - Pitching for Phoenix Hotspur U-21 : RHP Benjie Cacdac
Batting: LHB Tom Burton 0-0: Called Strike
0-1: Foul Ball, location: 2F
0-2: Foul Ball, location: 2F
0-2: Ball
1-2: Ground out 5-3 (Groundball, 5S)
Batting: RHB Juan Perales 0-0: Ball
1-0: Called Strike
1-1: Foul Ball, location: 2F
1-2: Ball
2-2: Ball
3-2: Ground out U3 (Groundball, 34)
Batting: RHB Adrián Medina 0-0: Ball
1-0: Ground out 4-3 (Groundball, 4M)
Top of the 2nd over - 0 runs, 0 hits, 0 errors, 0 left on base; Syracuse 0 - Phoenix 0
BOTTOM OF THE 2ND
Phoenix Hotspur U-21 batting - Pitching for Syracuse Storm : LHP Kohei Nishikawa
Batting: RHB Jeff Oglethorpe 0-0: Ball
1-0: Ball
2-0: Foul Ball, location: 2F
2-1: Ball
3-1: Foul Ball, location: 2F
3-2: Base on Balls
Batting: LHB Keith York 0-0: Called Strike
0-1: Ground out 4-3 (Groundball, 34)
Jeff Oglethorpe to second
Batting: RHB Terry MacDonald 0-0: Called Strike
0-1: Ball
1-1: Fly out, F3 (Line Drive, 3)
Batting: RHB Eugene McClellan 0-0: Called Strike
0-1: SINGLE (Groundball, 34D)
Jeff Oglethorpe to third
Runner from 3rd tries for Home, SAFE, no throw
Batting: LHB Carel Oskamp 0-0: Fly out, F8 (Flyball, 78D)
Bottom of the 2nd over - 1 run, 1 hit, 0 errors, 1 left on base; Syracuse 0 - Phoenix 1
TOP OF THE 3RD
Syracuse Storm batting - Pitching for Phoenix Hotspur U-21 : RHP Benjie Cacdac
Batting: RHB Miguel Román 0-0: Foul Ball, location: 2F
0-1: Ground out 3-1 (Groundball, 34)
Batting: RHB Casey Brownlow 0-0: Called Strike
0-1: Ground out 5-3 (Groundball, 56)
Batting: SHB Franck Kooijmans 0-0: DOUBLE (Flyball, 8RD)
Batting: LHB Mitchell Pate 0-0: Swinging Strike
0-1: Ball
1-1: Foul Ball, location: 2F
1-2: Ball
2-2: Foul Ball, location: 2F
2-2: Foul Ball, location: 2F
2-2: Ground out 5-3 (Groundball, 5)
Top of the 3rd over - 0 runs, 1 hit, 0 errors, 1 left on base; Syracuse 0 - Phoenix 1
BOTTOM OF THE 3RD
Phoenix Hotspur U-21 batting - Pitching for Syracuse Storm : LHP Kohei Nishikawa
Batting: LHB Valerius Buser 0-0: Swinging Strike
0-1: Ball
1-1: Foul Ball, location: 2F
1-2: SOLO HOME RUN (Flyball, 9D), Distance : 381 ft
Batting: RHB Mike James 0-0: Called Strike
0-1: Foul Ball, location: 2F
0-2: Foul Ball, location: 2F
0-2: Ball
1-2: Foul Ball, location: 2F
1-2: Ball
2-2: Ball
3-2: Base on Balls
Batting: RHB Lee Cooper 0-0: Ball
1-0: Foul Ball, location: 2F
1-1: Swinging Strike
1-2: Ball
2-2: Fielders Choice at 2nd, 5-4 (Groundball, 56)
Batting: RHB Brit Davis 0-0: Ball
1-0: Ball
2-0: Ball
3-0: Called Strike
3-1: Fly out, F4 (Popup, 34D)
Batting: RHB Jeff Oglethorpe 0-0: Ball
Lee Cooper is caught stealing 2nd base
Bottom of the 3rd over - 1 run, 1 hit, 0 errors, 0 left on base; Syracuse 0 - Phoenix 2
TOP OF THE 4TH
Syracuse Storm batting - Pitching for Phoenix Hotspur U-21 : RHP Benjie Cacdac
Batting: LHB Wilson Hernández 0-0: Foul Ball, location: 2F
0-1: Swinging Strike
0-2: Foul Ball, location: 2F
0-2: Ball
1-2: Foul Ball, location: 2F
1-2: Strikes out swinging
Batting: LHB Seung-min Sin 0-0: Foul Ball, location: 2F
0-1: Ball
1-1: Ball
2-1: Fly out, F7 (Flyball, 7S)
Batting: LHB Tom Burton 0-0: Swinging Strike
0-1: Ball
1-1: SOLO HOME RUN (Flyball, 9LD), Distance : 364 ft
Batting: RHB Juan Perales 0-0: Called Strike
0-1: Ground out 5-3 (Groundball, 56)
Top of the 4th over - 1 run, 1 hit, 0 errors, 0 left on base; Syracuse 1 - Phoenix 2
BOTTOM OF THE 4TH
Phoenix Hotspur U-21 batting - Pitching for Syracuse Storm : LHP Kohei Nishikawa
Batting: RHB Jeff Oglethorpe 0-0: Ball
1-0: Ball
2-0: Ground out 4-3 (Groundball, 4)
Batting: LHB Keith York 0-0: Ball
1-0: Ball
2-0: Called Strike
2-1: Ball
3-1: Fly out, F7 (Flyball, 7)
Batting: RHB Terry MacDonald 0-0: Ball
1-0: Swinging Strike
1-1: Foul Ball, location: 2F
1-2: Foul Ball, location: 2F
1-2: Foul Ball, location: 2F
1-2: Ground out 4-3 (Groundball, 4)
Bottom of the 4th over - 0 runs, 0 hits, 0 errors, 0 left on base; Syracuse 1 - Phoenix 2
TOP OF THE 5TH
Syracuse Storm batting - Pitching for Phoenix Hotspur U-21 : RHP Benjie Cacdac
Batting: RHB Adrián Medina 0-0: Ball
1-0: Swinging Strike
1-1: Called Strike
1-2: Ball
2-2: Strikes out swinging
Batting: RHB Miguel Román 0-0: Ball
1-0: Foul Ball, location: 2F
1-1: Swinging Strike
1-2: Foul Ball, location: 2F
1-2: Foul Ball, location: 2F
1-2: Strikes out looking
Batting: RHB Casey Brownlow 0-0: Swinging Strike
0-1: Swinging Strike
0-2: Strikes out swinging
Top of the 5th over - 0 runs, 0 hits, 0 errors, 0 left on base; Syracuse 1 - Phoenix 2
BOTTOM OF THE 5TH
Phoenix Hotspur U-21 batting - Pitching for Syracuse Storm : LHP Kohei Nishikawa
Batting: RHB Eugene McClellan 0-0: Ball
1-0: Swinging Strike
1-1: Foul Ball, location: 2F
1-2: Foul Ball, location: 2F
1-2: Ball
2-2: Fly out, F9 (Flyball, 89S)
Batting: LHB Carel Oskamp 0-0: Ground out U3 (Groundball, 34)
Batting: LHB Valerius Buser 0-0: Swinging Strike
0-1: Fly out, F9 (Flyball, 9LM)
Bottom of the 5th over - 0 runs, 0 hits, 0 errors, 0 left on base; Syracuse 1 - Phoenix 2
TOP OF THE 6TH
Syracuse Storm batting - Pitching for Phoenix Hotspur U-21 : RHP Benjie Cacdac
Batting: SHB Franck Kooijmans 0-0: Ball
1-0: Ground out 5-3 (Groundball, 5)
Batting: LHB Mitchell Pate 0-0: Ball
1-0: Ball
2-0: Ball
3-0: Called Strike
3-1: Ground out U3 (Groundball, 34)
Batting: LHB Wilson Hernández 0-0: Ball
1-0: Called Strike
1-1: Called Strike
1-2: Ball
2-2: Ball
3-2: Strikes out swinging
Top of the 6th over - 0 runs, 0 hits, 0 errors, 0 left on base; Syracuse 1 - Phoenix 2
BOTTOM OF THE 6TH
Phoenix Hotspur U-21 batting - Pitching for Syracuse Storm : LHP Kohei Nishikawa
Batting: RHB Mike James 0-0: Ball
1-0: Ball
2-0: Ball
3-0: Called Strike
3-1: Fly out, F7 (Flyball, 7S)
Batting: RHB Lee Cooper 0-0: Called Strike
0-1: Foul Ball, location: 2F
0-2: Ball
1-2: SINGLE (Line Drive, 34)
Batting: RHB Brit Davis 0-0: Ball
1-0: DOUBLE (Line Drive, 78D)
Lee Cooper to third
Batting: RHB Jeff Oglethorpe 0-0: Intentional Walk
Batting: LHB Keith York 0-0: Ball
1-0: Called Strike
1-1: Foul Ball, location: 2F
1-2: Ball
2-2: Foul Ball, location: 2F
2-2: Grounds into fielders choice 4-2 (Groundball, 4)
Brit Davis to third
Jeff Oglethorpe to second
Batting: RHB Terry MacDonald 0-0: Ball
1-0: Fly out, F7 (Flyball, 7S)
Bottom of the 6th over - 0 runs, 2 hits, 0 errors, 3 left on base; Syracuse 1 - Phoenix 2
TOP OF THE 7TH
Syracuse Storm batting - Pitching for Phoenix Hotspur U-21 : RHP Benjie Cacdac
Batting: LHB Seung-min Sin 0-0: Ball
1-0: Swinging Strike
1-1: Foul Ball, location: 2F
1-2: Foul Ball, location: 2F
1-2: Foul Ball, location: 2F
1-2: Ball
2-2: Foul Ball, location: 2F
2-2: Ball
3-2: Base on Balls
Batting: LHB Tom Burton 0-0: Called Strike
0-1: Swinging Strike
0-2: Ball
1-2: Ball
2-2: Ball
3-2: Strikes out swinging
Batting: RHB Juan Perales 0-0: Ball
1-0: Ball
2-0: Ball
3-0: Called Strike
3-1: Fly out, F6 (Popup, 6)
Pinch Hitting: LHB António Escobeda 0-0: SINGLE (Line Drive, 89M)
Seung-min Sin to second
Runner from 2nd tries for 3rd, SAFE, no throw
Pinch Hitting: RHB Dave Maxwell 0-0: Called Strike
0-1: Ball
1-1: Fly out, F9 (Flyball, 89D)
Top of the 7th over - 0 runs, 1 hit, 0 errors, 2 left on base; Syracuse 1 - Phoenix 2
BOTTOM OF THE 7TH
Phoenix Hotspur U-21 batting - Pitching for Syracuse Storm : LHP Kohei Nishikawa
Now at 1B: Dave Maxwell
Now at SS: Phil Beck
Batting: RHB Eugene McClellan 0-0: Called Strike
0-1: Foul Ball, location: 2F
0-2: Ball
1-2: Foul Ball, location: 2F
1-2: Ball
2-2: Ball
3-2: Ground out 5-3 (Groundball, 5L)
Batting: LHB Carel Oskamp 0-0: Ball
1-0: Foul Ball, location: 2F
1-1: Ball
2-1: Ball
3-1: Foul Ball, location: 2F
3-2: Strikes out swinging
Batting: LHB Valerius Buser 0-0: Called Strike
0-1: Swinging Strike
0-2: Ball
1-2: SINGLE (Groundball, 4MS) (infield hit)
Batting: RHB Mike James 0-0: Ball
1-0: Foul Ball, location: 2F
1-1: Ball
2-1: Ball
3-1: Fly out, F9 (Line Drive, 9)
Bottom of the 7th over - 0 runs, 1 hit, 0 errors, 1 left on base; Syracuse 1 - Phoenix 2
TOP OF THE 8TH
Syracuse Storm batting - Pitching for Phoenix Hotspur U-21 : RHP Benjie Cacdac
Now in LF: Malibok Herreria
Batting: RHB Casey Brownlow 0-0: Fly out, F5 (Flyball, 5D)
Batting: SHB Franck Kooijmans 0-0: Ball
1-0: Foul Ball, location: 2F
1-1: Called Strike
1-2: Foul Ball, location: 2F
1-2: Ball
2-2: Ball
3-2: Foul Ball, location: 2F
3-2: Foul Ball, location: 2F
3-2: Fly out, F9 (Flyball, 9)
Batting: LHB Mitchell Pate 0-0: Called Strike
0-1: Foul Ball, location: 2F
0-2: Ball
1-2: SINGLE (Groundball, 4MS) (infield hit)
Pitching: RHP Francisco Medine
Batting: LHB Wilson Hernández 0-0: Fly out, F5 (Line Drive, 5)
Top of the 8th over - 0 runs, 1 hit, 0 errors, 1 left on base; Syracuse 1 - Phoenix 2
BOTTOM OF THE 8TH
Phoenix Hotspur U-21 batting - Pitching for Syracuse Storm : LHP Kohei Nishikawa
Batting: RHB Lee Cooper 0-0: Called Strike
0-1: Ball
1-1: Ball
2-1: Called Strike
2-2: Fly out, F8 (Line Drive, 8RD)
Pitching: LHP Harris Hopkins
Batting: RHB Brit Davis 0-0: Ball
1-0: Called Strike
1-1: Ball
2-1: Fly out, F8 (Line Drive, 8LD)
Batting: RHB Jeff Oglethorpe 0-0: Ball
1-0: Ball
2-0: SOLO HOME RUN (Flyball, 7LD), Distance : 359 ft
Batting: LHB Keith York 0-0: Ball
1-0: Called Strike
1-1: Foul Ball, location: 2F
1-2: Strikes out looking
Bottom of the 8th over - 1 run, 1 hit, 0 errors, 0 left on base; Syracuse 1 - Phoenix 3
TOP OF THE 9TH
Syracuse Storm batting - Pitching for Phoenix Hotspur U-21 : RHP Francisco Medine
Pitching: RHP César Vela
Batting: LHB Seung-min Sin 0-0: DOUBLE (Flyball, 78XD)
Batting: LHB Tom Burton 0-0: Ball
1-0: Swinging Strike
1-1: Ball
2-1: Ball
3-1: Called Strike
3-2: Base on Balls
Batting: RHB Juan Perales 0-0: Called Strike
0-1: Called Strike
0-2: Ball
1-2: Ball
2-2: Strikes out swinging
Batting: LHB Phil Beck 0-0: Ball
1-0: Ball
2-0: Foul Ball, location: 2F
2-1: Swinging Strike
2-2: SINGLE (Line Drive, 5L)
Seung-min Sin to third
Tom Burton to second
Batting: RHB Dave Maxwell 0-0: Called Strike
0-1: Ball
1-1: Foul Ball, location: 2F
1-2: Strikes out swinging
Pinch Hitting: RHB José García 0-0: Fly out, F9 (Flyball, 9S)
Top of the 9th over - 0 runs, 2 hits, 0 errors, 3 left on base; Syracuse 1 - Phoenix 3
Friday, March 29th, 2019 - OOTP Baseball 18.8 Build 76